 Dungeon Crawl Stone Soup version 0.19.0-2-gae57169 (webtiles) character file.

19065 Woebin the Bludgeoner (level 12, 0/132 HPs)
             Began as an Ogre Berserker on Nov 5, 2016.
             Was a High Priest of Trog.
             Slain by a seven-headed hydra (11 damage)
             ... on level 4 of the Lair of Beasts.
             The game lasted 00:54:18 (15086 turns).

Woebin the Bludgeoner (Ogre Berserker)             Turns: 15086, Time: 00:54:18

Health: 0/132      AC: 11    Str: 29    XL:     12   Next: 65%
Magic:  0/4        EV: 15    Int:  6    God:    Trog [*****.]
Gold:   679        SH: 12    Dex:  9    Spells: 0 memorised, 11 levels left

rFire  . . .     SeeInvis .     a - +5 eveningstar (antimagic)
rCold  + . .     Gourm    .     P - +2 robe {rC+}
rNeg   . . .     Faith    .     i - +1 shield {AC+3}
rPois  .         Spirit   +     I - +2 hat
rElec  .         Reflect  .     t - +0 cloak
rCorr  .         Harm     .     (gloves unavailable)
MR     ++...                    (boots unavailable)
Stlth  ++........               j - amulet of guardian spirit
                                x - +2 ring of evasion
                                f - ring of protection from magic

@: no status effects
A: unfitting armour, tough skin 1
a: Berserk, Trog's Hand, Brothers in Arms, Burn Spellbooks, Renounce Religion


You were on level 4 of the Lair of Beasts.
You worshipped Trog.
Trog was extremely pleased with you.
You were very hungry.

You visited 3 branches of the dungeon, and saw 14 of its levels.

You collected 699 gold pieces.
You spent 20 gold pieces at shops.

Inventory:

Hand Weapons
 a - a +5 antimagic eveningstar (weapon)
 y - a +2 flail of protection
 N - a +3 flail
 S - a +1 flail of draining
Missiles
 v - 5 javelins (quivered)
Armour
 b - a +2 robe of fire resistance
 i - a +1 shield of protection (worn)
 t - a +0 cloak (worn)
 I - a +2 hat (worn)
 J - a +1 large shield
 P - a +2 robe of cold resistance (worn)
Magical Staves
 d - an uncursed staff of poison
Jewellery
 f - a ring of protection from magic (left hand)
 j - an amulet of guardian spirit (around neck)
 x - a +2 ring of evasion (right hand)
 O - an uncursed amulet of harm
Wands
 k - a wand of slowing (20/48)
 r - a wand of digging (8/24)
 s - a wand of digging (13/24)
 A - a wand of polymorph (5/24)
 D - a wand of confusion (16/48)
 E - a wand of confusion (20/48)
 F - a wand of flame (11/48)
 G - a wand of acid (3/15)
Scrolls
 e - 3 scrolls of remove curse
 g - 2 scrolls of magic mapping
 l - a scroll of blinking
 m - 4 scrolls of enchant armour
 o - 3 scrolls of teleportation
 C - 3 scrolls of recharging
 L - a scroll of identify
 R - a scroll of enchant weapon {unknown}
Potions
 n - a potion of agility
 p - a potion of invisibility {unknown}
 q - a potion of cancellation
 u - a potion of berserk rage
 w - a potion of curing
 B - 2 potions of flight
 H - 3 potions of resistance
 K - 2 potions of haste
 Q - a potion of heal wounds
Books
 h - a book of Cantrips

   Spells                             Type                      Level
   a - Confusing Touch                Hexes                        1
   b - Animate Skeleton               Necromancy                   1
   c - Summon Small Mammal            Summoning                    1
   d - Apportation                    Translocation                1
   Trog disapproves of the use of such an item.
Comestibles
 c - 6 bread rations
 z - a meat ration
 M - 7 fruits


   Skills:
 + Level 12.2 Fighting
 + Level 15.1 Maces & Flails
 - Level 2.9 Throwing
 + Level 8.3 Dodging
 - Level 3.8 Stealth
 + Level 9.1 Shields
 + Level 0.1 Evocations


You had 11 spell levels left.
You didn't know any spells.

Dungeon Overview and Level Annotations

Branches:
Dungeon (9/15)             Temple (1/1) D:5            Lair (4/6) D:8
  Swamp (0/4) Lair:3        Snake (0/4) Lair:2
    Orc: D:9-12

Altars:
Gozag
Okawaru
Qazlal
Ru
Sif Muna

Shops:
D:7 !


Innate Abilities, Weirdness & Mutations

You are too large for most types of armour.
You have tough skin. (AC +1)


Message History

You sock the catoblepas!
The catoblepas is almost dead.
You block the seven-headed hydra's attack.
The seven-headed hydra bites you but does no damage.
The seven-headed hydra misses you.
The seven-headed hydra bites you but does no damage.
The seven-headed hydra bites you!
You block the seven-headed hydra's attack.
The seven-headed hydra bites you!
Your deep troll goes berserk!
You feel quite a bit more hungry. The catoblepas gores you!!
* * * LOW HITPOINT WARNING * * *
The seven-headed hydra bites you.
* * * LOW HITPOINT WARNING * * *
The seven-headed hydra closely misses you.
You block the seven-headed hydra's attack.
The seven-headed hydra bites you!
* * * LOW HITPOINT WARNING * * *
The seven-headed hydra bites you!
You die...

..........#P.......P# #.........#
..........##......#####..........
..÷.......#...#.................#
.............Y#.................#
...............#..####....<.....#
......÷...#...#...## #...........
..?.......P)...#>..# ##.........P
...............DY..# #..........
..........#P..##@..# #..........
..._......h........# #..........
..............T#..### #..........
..................P.###..........
..#P.............................
..#P...........#.................
..##..........#...####...........
...............#...# #...........
......#P......##..## ##..........


You could see a catoblepas, a seven-headed hydra, a wolf and a friendly deep
troll (berserk).

Vanquished Creatures
  Josephine (Lair:4)
  Pikel (D:6)
  Joseph (D:8)
  3 black mambas
  5 spiny frogs
  A rime drake (Lair:4)
  A komodo dragon (Lair:2)
  A hornet (D:9)
  A two-headed ogre (D:8)
  5 hippogriffs
  Grinder (D:5)
  Prince Ribbit (D:8)
  A meliai zombie (D:9)
  2 wraiths (Lair:4)
  11 yaks
  2 wyverns
  5 basilisks
  A hungry ghost (D:9)
  A fire bat (D:8)
  3 nagas (Lair:2)
  Edmund (D:4)
  7 water moccasins
  8 porcupines
  A sky beast (D:8)
  A hornet zombie (D:7)
  A necrophage (D:9)
  4 orc warriors
  A black bear (Lair:1)
  6 ice beasts
  An eye of draining (D:9)
  6 wolves
  2 phantoms
  5 ogres
  3 centaurs
  5 crocodiles
  A big kobold (D:7)
  Blork the orc (D:6)
  7 bullfrogs
  4 scorpions
  A wyvern skeleton (D:8)
  6 killer bees (D:9)
  3 howler monkeys (D:8)
  2 crimson imps (D:5)
  2 jellies
  A bullfrog zombie (D:3)
  5 hounds
  Crazy Yiuf (D:2)
  2 orc priests
  3 iguanas
  Natasha (thrice) (D:2)
  Ijyb (D:2)
  5 worker ants
  9 orc wizards
  A killer bee zombie (D:7)
  A hound skeleton (D:4)
  A howler monkey zombie (D:8)
  8 gnolls
  A howler monkey skeleton (D:6)
  5 river rats (D:8)
  6 adders
  5 shadow imps
  2 oozes
  An adder zombie (D:6)
  An adder skeleton (D:8)
  2 worms (D:2)
  A dart slug (D:3)
  4 leopard geckos
  19 orcs
  3 ball pythons
  15 bats
  3 giant cockroaches
  13 goblins
  11 hobgoblins
  13 jackals
  4 quokkas
  3 frilled lizards
  A jackal skeleton (D:7)
  A jackal zombie (D:5)
  14 kobolds
  A leopard gecko zombie (D:5)
  15 rats
312 creatures vanquished.

Vanquished Creatures (collateral kills)
  Gastronok (D:8)
  3 wraiths (Lair:4)
  Grum (D:9)
  4 yaks (D:8)
  2 wolves (D:9)
  A scorpion (D:8)
  A hound zombie (D:9)
  A bat (D:8)
14 creatures vanquished.

Vanquished Creatures (others)
  7 fungi
  3 plants (Lair:4)
10 creatures vanquished.

Grand Total: 336 creatures vanquished

Notes
Turn   | Place    | Note
-------+----------+-------------------------------------------
     0 | D:1      | Woebin the Ogre Berserker began the quest for the Orb.
     0 | D:1      | Reached XP level 1. HP: 24/24 MP: 1/1
   160 | D:1      | Reached XP level 2. HP: 32/33 MP: 2/2
   697 | D:1      | Reached XP level 3. HP: 38/40 MP: 3/3
   892 | D:2      | Noticed Ijyb
   903 | D:2      | Killed Ijyb
   903 | D:2      | Reached skill level 5 in Maces & Flails
   976 | D:2      | Reached XP level 4. HP: 49/49 MP: 4/4
  1024 | D:2      | Reached ** piety under Trog
  1199 | D:2      | Noticed Natasha
  1203 | D:2      | Reached skill level 5 in Fighting
  1210 | D:2      | Killed Natasha
  1355 | D:2      | Noticed Natasha
  1368 | D:2      | Killed Natasha
  1368 | D:2      | Reached XP level 5. HP: 37/57 MP: 2/5
  1717 | D:2      | Found a runed door.
  1721 | D:2      | Noticed Crazy Yiuf
  1721 | D:2      | Noticed Natasha
  1732 | D:2      | Killed Natasha
  1732 | D:2      | Reached skill level 6 in Maces & Flails
  1732 | D:2      | Reached skill level 1 in Stealth
  1734 | D:2      | Killed Crazy Yiuf
  2424 | D:3      | Reached XP level 6. HP: 63/66 MP: 4/6
  2661 | D:3      | Noticed an orc warrior
  2676 | D:3      | Killed an orc warrior
  2676 | D:3      | Reached skill level 7 in Maces & Flails
  3334 | D:4      | Reached XP level 7. HP: 57/75 MP: 5/7
  3342 | D:4      | Reached *** piety under Trog
  3342 | D:4      | Reached skill level 8 in Maces & Flails
  3829 | D:4      | Noticed Edmund
  3837 | D:4      | Killed Edmund
  3837 | D:4      | Reached skill level 9 in Maces & Flails
  3870 | D:4      | Reached skill level 1 in Throwing
  3870 | D:4      | Reached XP level 8. HP: 84/84 MP: 8/8
  4175 | D:5      | Entered Level 5 of the Dungeon
  4466 | D:5      | Reached skill level 10 in Maces & Flails
  4602 | D:5      | Noticed Grinder
  4613 | D:5      | Killed Grinder
  4698 | D:5      | Reached skill level 11 in Maces & Flails
  4863 | D:5      | Found a staircase to the Ecumenical Temple.
  4869 | Temple   | Entered the Ecumenical Temple
  5018 | D:5      | Reached XP level 9. HP: 93/93 MP: 9/9
  5424 | D:6      | Noticed Pikel
  5432 | D:6      | Killed Pikel
  5432 | D:6      | Reached skill level 1 in Shields
  5573 | D:6      | Reached skill level 5 in Dodging
  5627 | D:6      | Noticed Blork the orc
  5638 | D:6      | Killed Blork the orc
  5685 | D:6      | Found an opulent altar of Gozag.
  5707 | D:6      | Reached **** piety under Trog
  5851 | D:6      | Reached skill level 12 in Maces & Flails
  5853 | D:6      | Found an iron altar of Okawaru.
  6907 | D:7      | Found Wesikked's Distillery.
  6912 | D:7      | Bought 2 potions of degeneration for 20 gold pieces
  7054 | D:7      | Reached XP level 10. HP: 92/106 MP: 8/10
  7166 | D:7      | Found a stormy altar of Qazlal.
  7652 | D:8      | Noticed Gastronok
  7659 | D:8      | Noticed Prince Ribbit
  7677 | D:8      | Killed Prince Ribbit
  7681 | D:8      | Reached skill level 13 in Maces & Flails
  7703 | D:8      | Killed Gastronok
  7703 | D:8      | Reached skill level 10 in Fighting
  7823 | D:8      | Reached skill level 5 in Shields
  8165 | D:8      | Reached skill level 14 in Maces & Flails
  8165 | D:8      | Reached XP level 11. HP: 117/117 MP: 11/11
  8176 | D:8      | Found a staircase to the Lair.
  8243 | D:8      | Found a sacrificial altar of Ru.
  8248 | D:8      | Reached ***** piety under Trog
  8255 | D:8      | Noticed Joseph
  8273 | D:8      | Killed Joseph
  8452 | D:8      | Received a gift from Trog
  9052 | D:9      | Noticed Grum
  9070 | D:9      | Killed Grum
 10329 | Lair:1   | Entered Level 1 of the Lair of Beasts
 10630 | Lair:1   | Received a gift from Trog
 11185 | Lair:1   | Identified a scroll of acquirement
 11593 | Lair:2   | Found a staircase to the Snake Pit.
 12137 | Lair:2   | Reached XP level 12. HP: 88/130 MP: 8/12
 13349 | Lair:3   | Found a staircase to the Swamp.
 13783 | Lair:4   | Found a deep blue altar of Sif Muna.
 13840 | Lair:4   | Reached skill level 15 in Maces & Flails
 14687 | Lair:4   | Received a gift from Trog
 14867 | Lair:4   | Noticed Josephine
 14885 | Lair:4   | Killed Josephine
 15075 | Lair:4   | Noticed a catoblepas
 15079 | Lair:4   | Noticed a seven-headed hydra
 15086 | Lair:4   | Slain by a seven-headed hydra

Skill      XL: |  1  2  3  4  5  6  7  8  9 10 11 12 |
---------------+-------------------------------------+-----
Maces & Flails | 5 6 7 9 11 12 14 15 | 15.1
Dodging        | 3 4 5 6 7 8 |  8.3
Fighting       | 5 6 7 8 10 11 12 | 12.2
Stealth        | 1 2 3 |  3.8
Throwing       | 1 2 |  2.9
Shields        | 3 5 7 9 |  9.1
Evocations     | |  0.1

Action                   |  1- 3 |  4- 6 |  7- 9 | 10-12 || total
-------------------------+-------+-------+-------+-------++-------
Melee: Mace              |    89 |   174 |       |       ||   263
       Flail             |       |    58 |   232 |   713 ||  1003
       Eveningstar       |       |       |       |    30 ||    30
Throw: Javelin           |       |     1 |    10 |    14 ||    25
Invok: Berserk           |     1 |     3 |     3 |     4 ||    11
       Brothers in Arms  |       |       |       |     5 ||     5
       Trog's Hand       |       |       |       |     1 ||     1
Evoke: Wand              |       |       |       |     1 ||     1
  Use: Scroll            |       |     2 |       |    19 ||    21
       Potion            |       |     2 |     1 |     5 ||     8
 Stab: Distracted        |       |       |     1 |     3 ||     4
       Sleeping          |       |       |     1 |    12 ||    13
       Invisible         |       |       |       |     1 ||     1
       Paralysed         |       |       |       |     1 ||     1
  Eat: Chunk             |     1 |    10 |    10 |    10 ||    31
       Bread ration      |       |       |     1 |     2 ||     3
       Beef jerky        |       |       |       |     2 ||     2
       Royal jelly       |       |       |       |     1 ||     1
       Pizza             |       |       |       |     2 ||     2
       Meat ration       |       |       |       |     1 ||     1
Armor: Animal skin       |    32 |    56 |    21 |       ||   109
       Robe              |       |       |    17 |   130 ||   147
       Skin              |       |       |     1 |       ||     1
Dodge: Dodged            |    42 |   127 |    86 |   217 ||   472
Block: Large shield      |       |       |    86 |   413 ||   499
       Shield            |       |       |       |   150 ||   150
